 Dungeon Crawl Stone Soup version 0.30-a0-462-gd5975efbca (webtiles) character file.

Game seed: 9405268745732075294

580 ytrimaz the Magician (level 7, -10/45 HPs)
             Began as a Djinni Fire Elementalist on Dec 16, 2022.
             Killed by divine providence
             ... invoked by an orc priest
              (12 damage)
             ... on level 5 of the Dungeon.
             The game lasted 00:06:32 (5013 turns).

ytrimaz the Magician (Djinni Fire Elementalist)     Turns: 5013, Time: 00:06:33

Health: -10/45     AC:  4    Str:  7    XL:     7   Next: 63%
Gold:   143        EV: 12    Int: 18    God:
                   SH:  0    Dex: 14

rFire   + + .      SeeInvis .    (no weapon)
rCold   x . .      Faith    .    (no shield)
rNeg    . . .      Spirit   .    a - +0 robe
rPois   ∞          Reflect  .    h - +1 helmet
rElec   .          Harm     .    (no cloak)
rCorr   .          Rampage  .    (no gloves)
Will    .....                    (boots unavailable)
Stlth   +.........               (no amulet)
HPRegen 0.27/turn                i - ring of wizardry
MPRegen 0.00/turn                (no ring)

@: confused, flying
A: sickness immunity, fire resistance 2, cold vulnerability 1, float, innate
caster, HP casting, extra vitality 1
a: no special abilities


You were on level 5 of the Dungeon.
You visited 1 branch of the dungeon, and saw 5 of its levels.

You collected 143 gold pieces.


Innate Abilities, Weirdness & Mutations

You are immune to sickness and miasma.
You are immune to poison.
Your flesh is very heat resistant. (rF++)
You are vulnerable to cold. (rC-)
You float through the air rather than walking.
You learn spells naturally, not from books.
Your magical power is your life essence.
You have superior vitality. (+4 MHP)


   Skills:
 - Level 2.1 Dodging
 - Level 1.5 Stealth
 + Level 6.3 Spellcasting


You couldn't memorise any spells.
You knew the following spells:

 Your Spells              Type           Power      Damage    Failure   Level
a - Foxfire               Conj/Fire      100%       2x1d9     1%          1
b - Scorch                Fire           56%        2d7       1%          2
c - Kindle Blastsparks    Fire/Tloc/Air  56%        2d14      1%          3
d - Flame Wave            Conj/Fire      28%        2d9       3%          4
e - Inner Flame           Hex/Fire       28%        N/A       1%          3
f - Freeze                Ice            100%       1d10      1%          1
g - Searing Ray           Conj           56%        2d6       1%          2
h - Lesser Beckoning      Tloc           56%        N/A       1%          3
Your spell library was empty.

Inventory:

Armour
 a - a +0 robe (worn)
 h - a +1 helmet (worn)
   (You found it on level 1 of the Dungeon)
Jewellery
 i - a ring of wizardry (left hand)
   (You took it off an orc on level 3 of the Dungeon)
Scrolls
 f - a scroll of enchant weapon
 g - 2 scrolls of blinking
 j - a scroll of enchant armour
Potions
 b - 2 potions of curing
 c - a potion of berserk rage
 d - a potion of ambrosia {unknown}
 e - a potion of cancellation {unknown}
 k - a potion of flight {unknown}
 l - 2 potions of brilliance {unknown}

Dungeon Overview and Level Annotations

Branches:
Dungeon (5/15) Zot: 24987  Temple (0/1) D:5

Altars:
Makhleb

....#.........#.#
.......§.>...... .
....#..§......# .o
.o.#..⌠...⌠..#.#
...
.<..o§........[#
.o.. ..s#...o)....#
..... n.. #.##.#
......##.##.#..#)##
....?..<.!......@.#
....##.....##o.<..#
. ###.#......###
#.#...##.#
......... .........
..#....... ...
.###..


You could see an orc priest and 2 orc wizards.


Message History

😕 HP[-1]
You take 1 damage, and now have 41/45 hp.
You conjure some foxfire!
The foxfire hits the necrophage. x3
Ijyb the Twisted Goblin comes into view.
She is wielding a +0 club and carrying a wand of roots (10).
Casting: Foxfire (safe; 1% risk of failure)
Confirm with . or Enter, or press ? or * to list all spells.
Casting: Flame Wave (dangerous; 4% risk of failure)
Press: ? - help, Dir - look around, f - activate A wave of flame ripples out!
The flame wave engulfs the necrophage!
The flame wave engulfs your foxfire.
Your foxfire completely resists.
The flame wave engulfs your foxfire.
Your foxfire completely resists. (Press . to intensify the flame waves.)
You hear a shout! x2
The foxfire hits the necrophage.
The foxfire hits the necrophage!
You destroy the necrophage! 😕 HP[-4]
You take 4 damage, and now have 37/45 hp.
A wave of flame ripples out!
Ijyb zaps a wand.
The roots erupt in riotous growth!
The grasping roots grab you! The grasping roots constrict you.
You hear a shout! 😕 HP[-3]
You take 3 damage, and now have 34/45 hp.
Unknown command.
You escape the roots grasp.
You start resting.
Ijyb is nearby!
Unknown command. 😕 HP[+1]
Casting: Flame Wave (dangerous; 3% risk of failure)
Confirm with . or Enter, or press ? or * to list all spells.
You don't know that spell.
Casting: Flame Wave (dangerous; 3% risk of failure)
Confirm with . or Enter, or press ? or * to list all spells.
Flames lash Ijyb.
Ijyb's fire resistance burns away. 😕 HP[-1]
You take 1 damage, and now have 34/45 hp.
Unknown command.
Unknown command.
Casting: Scorch (safe; 1% risk of failure)
Confirm with . or Enter, or press ? or * to list all spells.
A cloud of volatile blastsparks flares up around you! 😮 HP[-3]
You take 3 damage, and now have 31/45 hp.
Unknown command. 😮 HP[+1]
An orc priest comes into view. It is wielding a +0 short sword.
Ijyb hits you with a +0 club. 😮 HP[-2]
You take 2 damage, and now have 30/45 hp.
Casting: Kindle Blastsparks (safe; 1% risk of failure)
Confirm with . or Enter, or press ? or * to list all spells.
Casting: Flame Wave (dangerous; 3% risk of failure)
Press: ? - help, Dir - look around, f - activate A wave of flame ripples out!
The flame wave engulfs Ijyb!
The flame wave engulfs the orc!
You kill the orc! (Press . to intensify the flame waves.)
You hear a shout!
An orc comes into view. It is wielding a +1 whip of venom.
Ijyb hits you with a +0 club. 😮 HP[-7]
You take 7 damage, and now have 23/45 hp.
A wave of flame ripples out!
The flame wave engulfs Ijyb.
You kill Ijyb!
The flame wave engulfs the orc.
* * * LOW HITPOINT WARNING * * *
😨 HP[-1]
You take 1 damage, and now have 22/45 hp.
A wave of flame ripples out!
The flame wave engulfs the orc!
You kill the orc!
The flame wave engulfs the orc priest!
* * * LOW HITPOINT WARNING * * *
You finish channelling waves of flame. 😨 HP[-1]
You take 1 damage, and now have 21/45 hp.
Unknown command.
The orc priest mumbles some strange prayers to Beogh against you.
Beogh smites you!
* * * LOW HITPOINT WARNING * * *
You see here a +0 mace. 😱 HP[-13]
You take 13 damage, and now have 8/45 hp.
MASSIVE DAMAGE!! (PAUSE)
An orc wizard comes into view. It is wielding a +0 dagger.
The orc wizard gestures at you while chanting.
You are confused.
The orc priest mumbles some strange prayers to Beogh against you.
Beogh smites you!
* * * LOW HITPOINT WARNING * * *
There is a stone staircase leading up here. 😱 HP[-6]
You take 6 damage, and now have 2/45 hp.
The orc priest mumbles some strange prayers to Beogh against you.
Beogh smites you!
You die...

Skill      XL: |  1  2  3  4  5  6  7 |
---------------+----------------------+-----
Spellcasting   | 3 4 5 6 |  6.3
Dodging        | |  2.1
Stealth        | |  1.5

Action                   |  1- 3 |  4- 6 |  7- 9 || total
-------------------------+-------+-------+-------++-------
Melee: Unarmed           |     1 |     6 |       ||     7
 Cast: Foxfire           |   124 |   177 |     8 ||   309
       Kindle Blastspark |     1 |       |     1 ||     2
       Flame Wave        |       |    11 |     6 ||    17
       Scorch            |       |     1 |     1 ||     2
       Lesser Beckoning  |       |       |     1 ||     1
  Use: Scroll            |     4 |     5 |       ||     9
Armor: Robe              |     5 |     2 |       ||     7
Dodge: Dodged            |    21 |    20 |     1 ||    42

Levels and vault maps discovered:
D:1:      psy_arrival_radial01, layout_basic, minmay_box_of_dots
D:2:      layout_basic
D:3:      minmay_angry_zag, layout_basic, mainiacjoe_overflow_catwalk,
          chequers_ecumenical_altar_simple, kennysheep_flooded_box,
          nicolae_eternal_life
D:4:      layout_basic, kennysheep_generic_room_2
D:5:      layout_rooms, kennysheep_orc_sif_temple,
          minmay_temple_entry_large_hall, serial_shops, shop, uniq_ijyb

Notes
Turn   | Place    | Note
-------+----------+-------------------------------------------
     0 | D:1      | ytrimaz the Djinni Fire Elementalist began the quest for
                  | the Orb.
     0 | D:1      | ytrimaz set off with the following spells memorised:
                  | Foxfire, Scorch, Kindle Blastsparks, Inner Flame, Flame
                  | Wave.
     0 | D:1      | Reached XP level 1. HP: 15/15 MP: 0/0
     0 | D:1      | magus.rc [v1.9.6]
   209 | D:1      | Reached XP level 2. HP: 18/21 MP: 0/0
   239 | D:1      | Reached skill level 3 in Spellcasting
   247 | D:1      | HP: 5/21 [ball python (1)]
   354 | D:1      | Reached XP level 3. HP: 20/25 MP: 0/0
   354 | D:1      | Learned a level 1 spell: Freeze
  1048 | D:1      | HP: 5/25 [shot self (8)]
  1327 | D:2      | Reached XP level 4. HP: 25/31 MP: 0/0
  2243 | D:3      | Reached skill level 4 in Spellcasting
  2354 | D:3      | Found a burning altar of Makhleb.
  2413 | D:3      | Reached XP level 5. HP: 32/35 MP: 0/0
  2413 | D:3      | Learned a level 2 spell: Searing Ray
  2756 | D:3      | Found a faded altar of an unknown god.
  3797 | D:4      | Reached XP level 6. HP: 26/40 MP: 0/0
  3804 | D:4      | Reached skill level 5 in Spellcasting
  4546 | D:4      | Reached XP level 7. HP: 27/45 MP: 0/0
  4546 | D:4      | Learned a level 3 spell: Lesser Beckoning
  4830 | D:5      | Entered Level 5 of the Dungeon
  4984 | D:5      | Found a staircase to the Ecumenical Temple.
  4992 | D:5      | Reached skill level 6 in Spellcasting
  4993 | D:5      | Noticed Ijyb
  5009 | D:5      | Killed Ijyb
  5011 | D:5      | HP: 8/45 [orc priest/divine providence (13)]
  5012 | D:5      | HP: 2/45 [orc priest/divine providence (7)]
  5013 | D:5      | Killed from afar by an orc priest

Vanquished Creatures
  3 necrophages
  2 scorpions (D:5)
  A jelly (D:3)
  An orc priest (D:4)
  Ijyb (D:5)
  An orc wizard (D:4)
  4 adders
  4 worms
  5 dart slugs
  11 orcs
  9 ball pythons
  6 endoplasms
  4 giant cockroaches
  11 goblins
  8 hobgoblins
  4 jackals (D:1)
  12 kobolds
  3 quokkas
  6 bats
  7 frilled lizards
  4 rats
107 creatures vanquished.

Vanquished Creatures (others)
  435 foxfires
435 creatures vanquished.

Grand Total: 542 creatures vanquished

Table legend:
 A = Non-vault XP
 B = Vault XP
 C = Vault XP percentage of total XP
 D = Non-vault monster count
 E = Vault monster count
 F = Vault count percentage of total count
                 A         B        C        D         E       F
            +---------+---------+-------+---------+---------+-------
      Total |     769 |      60 |   7.2 |      99 |       8 |   7.5
            +---------+---------+-------+---------+---------+-------
        D:1 |      57 |       3 |   5.0 |      34 |       2 |   5.6
        D:2 |      43 |       0 |   0.0 |      16 |       0 |   0.0
        D:3 |      98 |      19 |  16.2 |      19 |       4 |  17.4
        D:4 |     310 |       2 |   0.6 |      25 |       1 |   3.8
        D:5 |     261 |      36 |  12.1 |       5 |       1 |  16.7
            +---------+---------+-------+---------+---------+-------

Illustrated notes

Table legend:
 A = Kills in this place as a percentage of kills in entire the game.
 B = Kills by you in this place as a percentage of kills by you in the entire game.
 C = Kills by friends in this place as a percentage of kills by friends in the entire game.
 D = Other kills in this place as a percentage of other kills in the entire game.
 E = Experience gained in this place as a percentage of experience gained in the entire game.
 F = Experience gained in this place divided by the number of levels of this place that you have seen.
                   A       B       C       D       E      F
               +-------+-------+-------+-------+-------+----------------------
         Total | 100.0 | 100.0 |   N/A |   N/A | 100.0 | 165.8
       Dungeon | 100.0 | 100.0 |   N/A |   N/A | 100.0 | 165.8
               +-------+-------+-------+-------+-------+----------------------

Table legend: (Time is in decaauts)
 A = Elapsed time spent in this place.
 B = Non-inter-level travel time spent in this place.
 C = Inter-level travel time spent in this place.
 D = Time resting spent in this place.
 E = Time spent auto-exploring this place.
 F = Levels seen in this place.
 G = Mean time per level.
                   A        B        C        D        E       F      G
               +--------+--------+--------+--------+--------+-----+--------+
         Total |   5011 |   4847 |    164 |    112 |   4097 |   5 | 1002.2 |
       Dungeon |   5011 |   4847 |    164 |    112 |   4097 |   5 | 1002.2 |
               +--------+--------+--------+--------+--------+-----+--------+

Top non-repeatable levels by time:
     D:4: 1436 daAuts
     D:3: 1317 daAuts
     D:1: 1195 daAuts
     D:2: 1027 daAuts
     D:5: 35 daAuts
